 Dungeon Crawl Stone Soup version 0.31.0-12-g77e489cdc1 (webtiles) character file.

Game seed: 8503396608026750040

6612 BigDaddyOpFi the Fighter (level 10, -1/121 HPs)
             Began as a Yellow Draconian Fighter on Mar 7, 2024.
             Was a Follower of Hepliaklqana.
             Slain by an ice devil (18 damage)
             ... on level 10 of the Dungeon.
             The game lasted 00:16:28 (9882 turns).

BigDaddyOpFi the Fighter (Yellow Draconian Fighter) Turns: 9882, Time: 00:16:28

Health: -1/121     AC: 25    Str: 27    XL:     10   Next: 71%
Magic:  12/14      EV:  2    Int: 11    God:    Hepliaklqana [*.....]
Gold:   601        SH: 12    Dex: 10    Spells: 9/9 levels left

rFire   . . .        a - +1 war axe
rCold   . . .        b - +2 buckler
rNeg    . . .        (body armour unavailable)
rPois   +            (helmet currently unavailable)
rElec   .            r - melded +2 cloak
rCorr   .            (gloves currently unavailable)
SInv    +            i - melded +0 pair of boots
Will    .....        l - amulet of reflection
Stlth   +            o - ring "Sizan" {Str+4 Int+2 SInv}
HPRegen 0.40/turn    C - ring of see invisible
MPRegen 0.14/turn

%: reflection
@: brilliant, tree-form
A: stationary, stasis, torment immunity, boosted hp, reduced essence, (spit
acid), AC +7, unfitting armour, (cold-blooded), (acid resistance), no potion
heal 1
a: Renounce Religion, Recall Ancestor, Ancestor Identity


You were on level 10 of the Dungeon.
You worshipped Hepliaklqana.
Hepliaklqana was aware of your devotion.
You were a tree.
You visited 2 branches of the dungeon, and saw 11 of its levels.
You also visited: Sewer.

You collected 601 gold pieces.

Inventory:

Hand Weapons
 a - a +1 war axe (weapon)
 H - a +0 orcbow
Missiles
 q - 9 poisoned darts (quivered)
 s - a curare-tipped dart
Armour
 b - a +2 buckler (worn)
 i - a +0 pair of boots (melded)
 r - a +2 cloak (melded)
Jewellery
 j - an amulet of magic regeneration
 l - an amulet of reflection (around neck)
 o - the ring "Sizan" (left branch) {Str+4 Int+2 SInv}
   (You acquired it on level 2 of the Dungeon)

   [ring of see invisible]

   Str+4:     It affects your strength (+4).
   Int+2:     It affects your intelligence (+2).
   SInv:      It lets you see invisible.
 C - a ring of see invisible (right branch)
 J - an amulet of regeneration
Wands
 c - a wand of flame (22)
 g - a wand of paralysis (10)
 p - a wand of light (22)
 y - a wand of mindburst (13)
 A - a wand of polymorph (3)
Scrolls
 d - 2 scrolls of vulnerability
 f - 4 scrolls of teleportation
 n - 5 scrolls of summoning
 v - 2 scrolls of immolation
 D - a scroll of fog
 G - a scroll of amnesia
Potions
 h - a potion of degeneration
 k - 3 potions of curing
 m - a potion of ambrosia
 u - 2 potions of invisibility
 x - 2 potions of magic
 z - 4 potions of cancellation
 B - a potion of enlightenment
 E - a potion of mutation {unknown}
 I - a potion of attraction {unknown}


   Skills:
 + Level 9.1 Fighting
 + Level 8.0 Axes
 + Level 7.5 Dodging
 + Level 8.2 Shields
 * Level 6.2 Invocations


You had 9 spell levels left.
You didn't know any spells.
Your spell library contained the following spells:

 Spells                   Type           Power      Damage    Failure   Level
 Magic Dart               Conj           0%         1d3       36%         1
 Blink                    Tloc           0%         N/A       52%         2
 Call Imp                 Summ           0%         N/A       52%         2
 Frozen Ramparts          Ice            0%         1d1       75%         3
 Leda's Liquefaction      Alch/Erth      0%         N/A       98%         4
 Petrify                  Alch/Erth      0%         N/A       98%         4
 Metabolic Englaciation   Hex/Ice        0%         N/A       100%        5


Dungeon Overview and Level Annotations

Branches:
Dungeon (10/15)            Temple (1/1) D:7           Sewer (visited)
   Lair: D:8-11         Orc: D:9-12

Altars:
Dithmenos
Elyvilon
Fedhas
Gozag
Hepliaklqana
Kikubaaqudgha
Makhleb
Nemelex Xobeh
Okawaru
Qazlal
Sif Muna
Uskayaw
Vehumet
Wu Jian
Xom
Yredelemnul
The Shining One

Shops:
D:2 ?   D:5 =   D:7 (


Innate Abilities, Weirdness & Mutations

You are a tree.
Your roots penetrate the ground, keeping you stationary.
You cannot be teleported.
You are immune to unholy pain and torment.
Your maximum health is greatly increased.
Your equipment is partially melded.
Your life essence is reduced to manifest your ancestor. (-10% HP)
((You can spit globs of acid.))
((Your golden yellow scales are hard. (AC +7)))
You cannot fit into any form of body armour.
((You are cold-blooded and may be slowed by cold attacks.))
((You are resistant to acid. (rCorr)))
Potions are less effective at restoring your health.


Message History

You block the neqoxec's attack.
Barack Obama II hits the ice devil!
You block the ice devil's attack.
The orange demon stings you but does no damage.
You hit the ice devil but do no damage.
The ice devil is almost dead.
You slash the neqoxec! You slash the ice devil!
You block the ice devil's attack.
Barack Obama II barely misses the ice devil.
The neqoxec hits you!
The ice devil hits you but does no damage.
The orange demon stings you but does no damage.
You slash the ice devil!
You kill the ice devil!
You closely miss the ice devil. You slash the neqoxec!
You kill the neqoxec!
The ice devil hits you. The ice devil freezes you!!
* * * LOW HITPOINT WARNING * * *
The chaos spawn barely misses Barack Obama II.
The orange demon stings you but does no damage.
Your Axes skill increases to level 8!
Your Invocations skill increases to level 6!
Unknown command.
You closely miss the ice devil.
The ice devil is lightly wounded.
The chaos spawn trunk-slaps Barack Obama II!
The chaos spawn shocks Barack Obama II.
You block the ice devil's attack.
Barack Obama II hits the ice devil.
The orange demon stings you but does no damage.
The neqoxec barely misses Barack Obama II.
Unknown command.
You slash the ice devil!
The ice devil is moderately wounded.
Barack Obama II barely misses the ice devil.
The orange demon stings you from afar!
* * * LOW HITPOINT WARNING * * *
The chaos spawn completely misses Barack Obama II.
The ice devil hits you.
* * * LOW HITPOINT WARNING * * *
The ice devil freezes you!!
You die...

........ ..._.§..
....... .##..
########
....####......###
#..###..........##
...##....####....##
..##...### ###...#
..##..## ##♣.#
......# ......4R..#
.....## .$...434..#
.##### .88...#####
.# .88... .# ......
.## ..... ..# )..)#
..##


You could see the friendly Barack Obama II the ancestor, an orange demon, an ice
devil (ally target), a neqoxec and a chaos spawn.

Vanquished Creatures
  The ghost of RosemaryViolet the Basher, a novice MiBe of Trog (D:7)
  Pikel (D:9)
  Maurice (D:8)
  An ice devil (D:10)
  A queen bee (shapeshifter) (D:7)
  3 slime creatures (D:8)
  Sigmund (D:2)
  2 steam dragons
  A neqoxec (D:10)
  3 water moccasins
  An ice beast (D:6)
  A sky beast (D:6)
  4 orc warriors
  An ogre (D:6)
  3 centaurs
  4 lemures (D:9)
  2 phantoms
  A kobold brigand (D:9)
  8 bullfrogs
  5 scorpions
  8 killer bees
  3 howler monkeys
  An orc priest (D:7)
  3 bombardier beetles
  7 hounds
  6 jellies
  A sleepcap (D:4)
  2 iguanas
  3 orc wizards
  A hell rat (Sewer)
  4 gnolls
  9 adders
  3 river rats (Sewer)
  A shadow imp (D:6)
  2 white imps (D:7)
  2 ribbon worms (D:4)
  5 dart slugs
  20 orcs
  2 endoplasms
  16 giant cockroaches
  11 goblins
  10 hobgoblins
  8 jackals
  3 quokkas
  7 ball pythons
  6 bats
  4 frilled lizards
  10 kobolds
  17 rats
220 creatures vanquished.

Vanquished Creatures (collateral kills)
  A centaur (D:10)
1 creature vanquished.

Vanquished Creatures (others)
  An ancestor (D:9)
1 creature vanquished.

Grand Total: 222 creatures vanquished

Notes
Turn   | Place    | Note
-------+----------+-------------------------------------------
     0 | D:1      | BigDaddyOpFi the Draconian Fighter began the quest for the
                  | Orb.
     0 | D:1      | Reached XP level 1. HP: 19/19 MP: 1/1
    35 | D:1      | Found a faded altar of an unknown god.
    35 | D:1      | Noticed a golden eye
    39 | D:1      | Noticed a glass eye
    44 | D:1      | Noticed a glass eye
    48 | D:1      | Noticed a golden eye
   162 | D:1      | Reached XP level 2. HP: 16/26 MP: 2/2
   610 | D:2      | Reached XP level 3. HP: 33/33 MP: 3/3
   837 | D:2      | Found Cebbok's Magic Scroll Shop.
   931 | D:2      | Identified a scroll of acquirement
   931 | D:2      | Acquired the ring "Sizan" {Str+4 Int+2 SInv}
   937 | D:2      | Noticed Sigmund
   946 | D:2      | Killed Sigmund
   947 | D:2      | Reached skill level 4 in Fighting
   947 | D:2      | Reached XP level 4. HP: 22/41 MP: 4/4
   947 | D:2      | Reached XP level 5. HP: 25/47 MP: 5/5
  1748 | D:3      | Reached XP level 6. HP: 53/53 MP: 6/6
  1856 | D:3      | Found a sparkling altar of Nemelex Xobeh.
  2577 | D:4      | Reached skill level 5 in Fighting
  2577 | D:4      | Found a glowing golden altar of the Shining One.
  3067 | D:4      | Your scales start taking on a golden yellow colour.
  3067 | D:4      | Reached XP level 7. HP: 61/61 MP: 7/7
  3067 | D:4      | Gained mutation: You are resistant to acid. (rCorr) [Yellow
                  | Draconian growth]
  3386 | D:4      | Found an iron altar of Okawaru.
  3428 | D:4      | Found a shimmering altar of Xom.
  3622 | D:5      | Entered Level 5 of the Dungeon
  3623 | D:5      | Found a glowing drain.
  3641 | Sewer    | Entered a sewer
  3807 | D:5      | Reached skill level 5 in Shields
  3937 | D:5      | Found a basalt altar of Yredelemnul.
  4069 | D:5      | Found Mauw's Jewellery Emporium.
  4464 | D:6      | Reached skill level 6 in Fighting
  4464 | D:6      | Reached skill level 5 in Axes
  4464 | D:6      | Reached skill level 5 in Dodging
  4464 | D:6      | Reached XP level 8. HP: 44/70 MP: 8/8
  5590 | D:6      | Reached skill level 7 in Fighting
  5901 | D:7      | Reached XP level 9. HP: 45/79 MP: 9/9
  6297 | D:7      | Found Baunaq's Weapon Shop.
  6363 | D:7      | Found a runed translucent door.
  6363 | D:7      | Noticed RosemaryViolet's ghost (novice MiBe)
  6363 | D:7      | Noticed an entropy weaver
  6986 | D:7      | Found a staircase to the Ecumenical Temple.
  7080 | D:7      | Noticed a harpy
  7128 | Temple   | Entered the Ecumenical Temple
  7136 | Temple   | Became a worshipper of Hepliaklqana the Forgotten
  7181 | D:7      | Noticed an unseen horror
  7240 | D:7      | an unseen horror changed into a blink frog
  7248 | D:7      | a blink frog changed into a queen bee
  7248 | D:7      | Noticed a queen bee (shapeshifter)
  7268 | D:7      | Killed a queen bee
  7269 | D:7      | Reached skill level 8 in Fighting
  7269 | D:7      | Reached skill level 1 in Invocations
  7281 | D:7      | Killed RosemaryViolet's ghost
  7462 | D:8      | Identified the +3 ring mail "Zeogrup" {rC- rN+ Will+}
  7483 | D:8      | Found a stormy altar of Qazlal.
  7616 | D:8      | Noticed Maurice
  7621 | D:8      | Maurice stole an amulet of magic regeneration
  7623 | D:8      | Maurice stole 5 poisoned darts
  7624 | D:8      | Paralysed by Maurice for 5 turns
  7636 | D:8      | Killed Maurice
  7637 | D:8      | Reached XP level 10. HP: 67/90 MP: 12/12
  8130 | D:9      | Found a burning altar of Makhleb.
  8132 | D:9      | Noticed a cacodemon
  8506 | D:8      | Reached skill level 5 in Invocations
  9184 | D:9      | Reached * piety under Hepliaklqana
  9207 | D:9      | Noticed Pikel
  9226 | D:9      | Killed Pikel
  9227 | D:9      | Reached skill level 9 in Fighting
  9577 | D:9      | Noticed a smoke demon
  9577 | D:9      | Noticed an orange demon
  9630 | D:10     | Entered Level 10 of the Dungeon
  9785 | D:10     | Found a shadowy altar of Dithmenos.
  9862 | D:10     | Noticed an orange demon
  9877 | D:10     | Gained mutation: Potions are less effective at restoring
                  | your health. [a neqoxec]
  9882 | D:10     | Slain by an ice devil

Illustrated notes

Levels and vault maps discovered:
D:1:      ncdulo_wetmaze, layout_rooms, hellmonk_ecumenical_altar_watching_god
D:2:      layout_basic, serial_shops, shop, minmay_ruptured, uniq_sigmund
D:3:      minmay_roachtagon, layout_basic, nemelex_diamond_rough_becter,
          solitary_fountain, minmay_vboxes
D:4:      minmay_bubble_buster, layout_loops_corners, lemuel_crystal_altar,
          mainiacjoe_overflow_catwalk,
          mainiacjoe_overflow_concentric_impassable, minmay_pentangle
D:5:      layout_loops_cross, nicolae_overflow_crystal_walls, serial_shops,
          nicolae_shop_getting_attention, gup_sewer_entry_glass
D:6:      layout_loops_cross
D:7:      nicolae_cairo_tiling, layout_cave_pools, temple_green,
          ebering_ghost_inner_flame, serial_shops, shop,
          amcnicky_mini_pool_small, grunt_ministairs_13, st_stairs_3
D:8:      layout_loops_ring, mainiacjoe_overflow_six_doors_small,
          minmay_misc_feat_tower, uniq_maurice
D:9:      layout_basic, makhleb_altar_promises_db, uniq_pikel
D:10:     layout_stronghold, chei_slow_surprise, grunt_dithmenos_smoke,
          nicolae_overflow_macrodata_refinement, lair_entry_dummy,
          nicolae_neqoxec_dot_bat, uniq_psyche, uniq_erolcha
Temple:   hellmonk_temple_rainy

Skill      XL: |  1  2  3  4  5  6  7  8  9 10 |
---------------+-------------------------------+-----
Dodging        | 3 4 5 6 7 |  7.5
Fighting       | 4 5 6 7 8 9 |  9.1
Axes           | 3 4 5 6 7 8 |  8.0
Shields        | 4 5 6 7 8 |  8.2
Invocations    | 3 6 |  6.2

Action                     |  1- 3 |  4- 6 |  7- 9 | 10-12 || total
---------------------------+-------+-------+-------+-------++-------
  Melee: War axe           |    88 |   154 |   326 |   195 ||   763
         Tailslap          |     8 |    17 |    47 |    23 ||    95
  Throw: Dart              |       |     3 |     2 |       ||     5
 Invoke: Ancestor Identity |       |       |       |     1 ||     1
Ability: Breathe Acid      |       |       |     4 |       ||     4
    Use: Scroll            |     5 |       |     9 |     5 ||    19
         Potion            |     1 |       |     7 |     8 ||    16
   Stab: Sleeping          |       |     1 |     2 |       ||     3
         Distracted        |       |       |       |     1 ||     1
 Armour: Skin              |    44 |    58 |   157 |   135 ||   394
  Dodge: Dodged            |    45 |    78 |   141 |    92 ||   356
  Block: Buckler           |    30 |    97 |   237 |   151 ||   515
         Reflection        |     2 |       |     2 |     8 ||    12
